 Dungeon Crawl Stone Soup version 0.23-a0-455-ge12115f (webtiles) character file.

231 qvsushi the Ruffian (level 5, -1/53 HPs)
             Began as a Troll Monk on Nov 24, 2018.
             Slain by Crazy Yiuf
             ... wielding a +2 quarterstaff of chaos
              (18 damage)
             ... on level 3 of the Dungeon on Nov 25, 2018.
             The game lasted 00:08:13 (2796 turns).

qvsushi the Ruffian (Troll Monk)                    Turns: 2796, Time: 00:08:13

Health: -1/53      AC:  7    Str: 19    XL:     5   Next: 72%
Magic:  4/4        EV: 11    Int:  6    God:
Gold:   165        SH:  0    Dex: 13    Spells: 4/4 levels left

rFire    . . .     SeeInvis .     - Unarmed
rCold    + . .     Gourm    +   (no shield)
rNeg     . . .     Faith    .   a - +2 robe {rC+}
rPois    .         Spirit   .   (helmet restricted)
rElec    .         Reflect  .   (no cloak)
rCorr    .         Harm     .   (gloves unavailable)
MR       .....                  (boots unavailable)
Stlth    ++........             (no amulet)
HPRegen  0.57/turn              (no ring)
MPRegen  0.09/turn              (no ring)

@: lethally poisoned (-1 -> -2)
A: large, unfitting armour, claws 3, fast metabolism 3, gourmand, regeneration
1, shaggy fur 1, tough skin 2
a: no special abilities


You were on level 3 of the Dungeon.
You were not hungry.

You visited 1 branch of the dungeon, and saw 3 of its levels.

You collected 165 gold pieces.

Inventory:

Armour
 a - a +2 robe of cold resistance (worn)
Wands
 g - a wand of flame (13)
 l - a wand of digging (2)
 q - a wand of clouds (5)
Scrolls
 c - a scroll of immolation {unknown}
 d - a scroll of blinking {unknown}
 e - a scroll of enchant armour
 j - 4 scrolls of identify
 k - a scroll of magic mapping
 n - 3 scrolls of teleportation
Potions
 f - a potion of haste {unknown}
 h - a potion of might
 i - 2 potions of curing
 m - a potion of mutation {unknown}
Comestibles
 b - 10 rations


   Skills:
 + Level 3.1 Fighting
 + Level 3.3 Dodging
 - Level 1.0 Stealth
 + Level 5.3 Unarmed Combat


You had 4 spell levels left.
You didn't know any spells.
Your spell library was empty.

Dungeon Overview and Level Annotations

Branches:
Dungeon (3/15)

Altars:
Ashenzari
Elyvilon
Ru
Sif Muna
Yredelemnul

Annotations:
D:3 Crazy Yiuf


Innate Abilities, Weirdness & Mutations

You are too large for most types of armour.
You have claws for hands.
Your metabolism is lightning-fast.
You like to eat raw meat.
Your natural rate of healing is unusually fast.
You are covered in fur. (AC +1)
You have very tough skin. (AC +2)


Message History

Crazy Yiuf drinks a potion.
Crazy Yiuf is healed!
You claw Crazy Yiuf!
Crazy Yiuf is heavily wounded.
Crazy Yiuf yells, "Iron rumpyflump verde!"
Crazy Yiuf hits you but does no damage.
You are poisoned.
You barely miss Crazy Yiuf.
Crazy Yiuf is heavily wounded.
You feel sick.
Crazy Yiuf hits you with a +2 quarterstaff of chaos!
You are electrocuted!
You closely miss Crazy Yiuf.
Crazy Yiuf is heavily wounded.
You feel sick.
You scratch Crazy Yiuf.
Crazy Yiuf is heavily wounded.
You feel sick.
Crazy Yiuf hits you with a +2 quarterstaff of chaos.
You are electrocuted!
You die...

............#.#.#.#.#...........#
.###..#####.#.#.#.#.##########..#
.###..#####'#'#'#.#.# #..#
.......##..########## #..#
.###...##..# #..# ...#...##..#
##### #..# ...#...##### #)..#
#..# .###...# #.g.# #..# .# #...#
#.@.# #..# .# #...# ##'## #..# .#
#...# #.## #..# ####...# ##.#
#..# ....<..# #.## #..#
#####..##### ##.# #########..#
###..#...# ##.## #...........
#....#...# ##...# ##########.#
#....#.#.# #....# #...........


You could see Crazy Yiuf.

Vanquished Creatures
  An orc priest (D:3)
  Ijyb (D:3)
  Terence (D:3)
  An orc wizard (D:3)
  Robin (D:2)
  3 adders
  A worm (D:2)
  2 dart slugs
  A leopard gecko (D:3)
  5 orcs (D:3)
  6 bats
  5 giant cockroaches
  17 goblins
  6 hobgoblins
  5 jackals (D:1)
  A quokka (D:3)
  2 ball pythons (D:1)
  5 frilled lizards
  4 kobolds
  7 rats
75 creatures vanquished.

Notes
Turn   | Place    | Note
-------+----------+-------------------------------------------
     0 | D:1      | qvsushi the Troll Monk began the quest for the Orb.
     0 | D:1      | Reached XP level 1. HP: 22/22 MP: 0/0
   169 | D:1      | Reached XP level 2. HP: 29/29 MP: 1/1
   480 | D:1      | Reached XP level 3. HP: 36/36 MP: 2/2
   915 | D:2      | Noticed Robin
   932 | D:2      | Killed Robin
   932 | D:2      | Reached skill level 4 in Unarmed Combat
   932 | D:2      | Reached XP level 4. HP: 31/44 MP: 3/3
  1235 | D:2      | Found a white marble altar of Elyvilon.
  1425 | D:2      | Found a basalt altar of Yredelemnul.
  1663 | D:3      | Reached XP level 5. HP: 32/53 MP: 4/4
  1680 | D:3      | Noticed Ijyb
  1691 | D:3      | Killed Ijyb
  1691 | D:3      | Reached skill level 5 in Unarmed Combat
  1911 | D:3      | Found a sacrificial altar of Ru.
  2032 | D:3      | Noticed Terence
  2048 | D:3      | Killed Terence
  2202 | D:3      | Found a runed door.
  2277 | D:3      | Found a shattered altar of Ashenzari.
  2740 | D:3      | Found a deep blue altar of Sif Muna.
  2788 | D:3      | Noticed Crazy Yiuf
  2796 | D:3      | Slain by Crazy Yiuf

Vault maps used:
D:1:      minmay_arrival_four_circles
D:2:      lemuel_coloured_pillars_altar, first_ration, lemuel_tele_altar,
          uniq_robin
D:3:      lemuel_round_altar, marbit_many_paths, lemuel_doored_altar,
          uniq_crazy_yiuf_cottage, uniq_ijyb, uniq_terence

Skill      XL: |  1  2  3  4  5 |
---------------+----------------+-----
Dodging        | 3 |  3.3
Unarmed Combat | 4 5 |  5.3
Fighting       | 3 |  3.1
Stealth        | |  1.0

Action                   |  1- 3 |  4- 6 || total
-------------------------+-------+-------++-------
Melee: Unarmed           |    80 |   126 ||   206
       Punch             |     1 |     2 ||     3
  Use: Scroll            |       |     7 ||     7
       Potion            |       |     6 ||     6
 Stab: Sleeping          |     1 |     3 ||     4
  Eat: Chunk             |    14 |    12 ||    26
Armor: Robe              |    27 |    42 ||    69
       Animal skin       |       |     1 ||     1
Dodge: Dodged            |    50 |    51 ||   101

Table legend:
 A = Non-vault XP
 B = Vault XP
 C = Vault XP percentage of total XP
 D = Non-vault monster count
 E = Vault monster count
 F = Vault count percentage of total count
                 A         B        C        D         E       F
            +---------+---------+-------+---------+---------+-------
      Total |     221 |     109 |  33.0 |      60 |      15 |  20.0
            +---------+---------+-------+---------+---------+-------
        D:1 |      45 |       0 |   0.0 |      27 |       0 |   0.0
        D:2 |      37 |      35 |  48.6 |      12 |      12 |  50.0
        D:3 |     139 |      74 |  34.7 |      21 |       3 |  12.5
            +---------+---------+-------+---------+---------+-------
